 Dungeon Crawl Stone Soup version 0.22.0-75-g3901e79 (webtiles) character file.

527 sbiou the Shield-Bearer (level 7, -6/60 HPs)
             Began as a Barachi Fighter on Sept 13, 2018.
             Was an Initiate of Cheibriados.
             Killed by divine providence
             ... invoked by an orc priest
              (9 damage)
             ... on level 4 of the Dungeon.
             The game lasted 00:08:46 (4004 turns).

sbiou the Shield-Bearer (Barachi Fighter)           Turns: 4004, Time: 00:08:47

Health: -6/60      AC: 19    Str: 20    XL:     7   Next: 23%
Magic:  7/7        EV:  4    Int:  9    God:    Cheibriados [......]
Gold:   241        SH: 10    Dex: 13    Spells: 6/6 levels left

rFire    + . .     SeeInvis +   a - +0 long sword
rCold    x . .     Gourm    .   c - +0 shield
rNeg     . . .     Faith    .   k - +0 plate armour
rPois    .         Spirit   .   n - +0 helmet
rElec    .         Reflect  .   i - +0 cloak
rCorr    .         Harm     .   (no gloves)
MR       .....                  (no boots)
Stlth    ..........             (no amulet)
HPRegen  0.20/turn              v - ring of fire
MPRegen  0.10/turn              d - +5 ring of protection

@: can't hop, very slow
A: +LOS, swims, see invisible, robust 1, slowness 1, strong legs 1
a: Hop, Bend Time, Renounce Religion


You were on level 4 of the Dungeon.
You worshipped Cheibriados.
Cheibriados was noncommittal.
You were very hungry.

You visited 2 branches of the dungeon, and saw 6 of its levels.

You collected 241 gold pieces.

Inventory:

Hand Weapons
 a - a +0 long sword (weapon)
Missiles
 l - 4 poisoned tomahawks (quivered)
Armour
 c - a +0 shield (worn)
 i - a +0 cloak (worn)
 k - a +0 plate armour (worn)
 n - a +0 helmet (worn)
Jewellery
 d - a +5 ring of protection (right hand)
 q - a cursed ring of attention {unknown}
 u - an uncursed amulet of rage {unknown}
 v - a ring of fire (left hand)
Scrolls
 b - 3 scrolls of teleportation {unknown}
 e - 3 scrolls of magic mapping {unknown}
 g - a scroll of enchant armour {unknown}
 h - 2 scrolls of random uselessness {unknown}
 m - a scroll of identify {unknown}
 o - a scroll of enchant weapon {unknown}
 p - a scroll of noise {unknown}
 r - a scroll of immolation {unknown}
 s - 3 scrolls of remove curse {unknown}
Potions
 t - a potion of haste
Comestibles
 f - 9 rations


   Skills:
 + Level 4.4 Fighting
 + Level 5.5 Long Blades
 + Level 0.5 Throwing
 + Level 5.4 Armour
 + Level 0.7 Dodging
 + Level 1.2 Stealth
 + Level 5.6 Shields


You had 6 spell levels left.
You didn't know any spells.
Your spell library contained the following spells:

 Spells                   Type           Power        Failure   Level  Hunger
 Magic Dart               Conj           #...         100%        1    ##.....
 Searing Ray              Conj           #.....       100%        2    ###....
 Dazzling Spray           Conj/Hex       #.....       100%        3    ####...
 Force Lance              Conj/Tloc      #.......     100%        4    #####..
 Fulminant Prism          Conj/Hex       #.........   100%        4    #####..
 Iskenderun's Mystic Bla  Conj           #.......     100%        4    #####..


Dungeon Overview and Level Annotations

Branches:
Dungeon (5/15)             Temple (1/1) D:4

Altars:
Ashenzari
Cheibriados
Dithmenos
Elyvilon
Fedhas
Gozag
Hepliaklqana
Kikubaaqudgha
Makhleb
Nemelex Xobeh
Okawaru
Qazlal
Ru
Sif Muna
Trog
Uskayaw
Vehumet
Wu Jian
Xom
Yredelemnul
The Shining One

Annotations:
D:3 3 runed doors, Starchild's ghost, amateur KoAM


Innate Abilities, Weirdness & Mutations

Shadows flee at your approach. (+LOS)
You can swim through water.
You cover ground slowly.
You can hop short distances.
You have supernaturally acute eyesight. (SInv)
You are robust. (+10% HP)


Message History

The orc wizard mumbles some strange words.
The orc wizard blinks!
The orc priest calls down the wrath of Beogh upon you.
Pain shoots through your body!
* * * LOW HITPOINT WARNING * * *
The orc priest hits you but does no damage.
You hit the orc priest.
The orc priest is severely wounded.
The orc priest calls down the wrath of Beogh upon you.
Beogh smites you!
* * * LOW HITPOINT WARNING * * *
The orc hits you with a vampiric whip.
* * * LOW HITPOINT WARNING * * *
You block the orc priest's attack.
Hop to where?
Press: ? - help, Dir - move target cursor Boing!
The orc priest invokes the aid of Beogh against you.
Beogh smites you!
You die...

.# #.# #.............# .# #.#
#.####.....##.# .#### #.#
####.###.#.......< .##.## #.#
#.......###...##.# .#.#.####.#
#.##.###.#..#.##.. ..###.....#
#.##.####.#....### .#.#.####.#
#.##.........##.##
..........######.##.#######.###..
....##...ooo.o..@>..# #.# #..
.#.....#.#######....# #.###..
....#....### #..#.# #.##...
.#....o#...# ##..#.# #...##.
...###...#.# ##...#.# #......
##.####.##.###......#######.#.##.
...........##....................
##########.##..........#.....(...
#.##.......####.#.##.###


You could see 2 orc priests, an orc wizard and an orc.

Vanquished Creatures
  Grinder (D:5)
  A phantom (D:5)
  2 orc wizards
  Terence (D:2)
  An iguana (D:4)
  A worker ant (D:5)
  5 adders
  A worm (D:2)
  A dart slug (D:1)
  4 leopard geckos
  2 orcs (D:3)
  A ball python (D:1)
  7 giant cockroaches
  8 goblins
  11 hobgoblins
  4 jackals (D:5)
  3 quokkas
  3 bats
  4 frilled lizards
  2 kobolds
  A leopard gecko skeleton (D:4)
  5 rats (D:2)
69 creatures vanquished.

Notes
Turn   | Place    | Note
-------+----------+-------------------------------------------
     0 | D:1      | sbiou the Barachi Fighter began the quest for the Orb.
     0 | D:1      | Reached XP level 1. HP: 18/18 MP: 1/1
   103 | D:1      | Reached XP level 2. HP: 25/25 MP: 2/2
   351 | D:1      | Reached XP level 3. HP: 30/30 MP: 3/3
   891 | D:2      | Noticed Terence
   901 | D:2      | Killed Terence
   901 | D:2      | Reached XP level 4. HP: 37/37 MP: 4/4
  1411 | D:2      | Found a sparkling altar of Nemelex Xobeh.
  1661 | D:3      | Found a runed gate.
  1661 | D:3      | Noticed Starchild's ghost (amateur KoAM)
  1664 | D:3      | Found a runed gate.
  1665 | D:3      | Found a runed gate.
  1947 | D:3      | Reached XP level 5. HP: 2/42 MP: 5/5
  1987 | D:3      | Gained mutation: You have supernaturally acute eyesight.
                  | (SInv) [potion of mutation]
  1987 | D:3      | Gained mutation: You are robust. (+10% HP) [potion of
                  | mutation]
  2824 | D:4      | Found a staircase to the Ecumenical Temple.
  3242 | Temple   | Entered the Ecumenical Temple
  3291 | Temple   | Became a worshipper of Cheibriados the Contemplative
  3328 | D:5      | Entered Level 5 of the Dungeon
  3328 | D:5      | Noticed a phantom
  3357 | D:5      | Killed a phantom
  3357 | D:5      | Reached skill level 5 in Armour
  3357 | D:5      | Reached skill level 5 in Shields
  3357 | D:5      | Reached XP level 6. HP: 27/52 MP: 6/6
  3653 | D:5      | Noticed Grinder
  3665 | D:5      | Paralysed by Grinder for 5 turns
  3675 | D:5      | Killed Grinder
  3675 | D:5      | Reached skill level 5 in Long Blades
  3675 | D:5      | Reached skill level 1 in Stealth
  3675 | D:5      | Reached XP level 7. HP: 34/60 MP: 7/7
  3690 | D:5      | HP: 1/60 [orc priest/divine providence (16)]
  4002 | D:4      | HP: 3/60 [orc/vampiric whip (1)]
  4004 | D:4      | Killed from afar by an orc priest

Skill      XL: |  1  2  3  4  5  6 |
---------------+-------------------+-----
Armour         | 4 5 |  5.4
Shields        | 4 5 |  5.6
Long Blades    | 3 4 5 |  5.5
Fighting       | 4 |  4.4
Stealth        | 1 |  1.2
Throwing       | |  0.5
Dodging        | |  0.7

Action                   |  1- 3 |  4- 6 |  7- 9 || total
-------------------------+-------+-------+-------++-------
Melee: Long sword        |   133 |   239 |    22 ||   394
Throw: Tomahawk          |       |     4 |     4 ||     8
 Abil: Hop               |       |       |     2 ||     2
  Use: Potion            |       |     5 |     1 ||     6
  Eat: Chunk             |       |    11 |       ||    11
Armor: Scale mail        |    35 |       |       ||    35
       Plate armour      |    55 |   184 |    33 ||   272
Dodge: Dodged            |    42 |    41 |     6 ||    89
Block: Shield            |    75 |   155 |    26 ||   256
       Rpst.: Long sword |    15 |     9 |     2 ||    26
